[Event "Titled Tuesday Blitz December 7 2021"]
[White "Nazari, Arad"]
[Black "Bloomer, Josh"]
[WhiteFideId "12577324"]
[BlackFideId "2020416"]
[WhiteElo "2119"]
[BlackElo "2421"]
[Result "1/2-1/2"]
[Round "04"]
[TimeControl "180+1"]
[Date "2021.12.07"]
[WhiteClock "0:00:14"]
[BlackClock "0:00:41"]

1. e4 c5 2. Nf3 d6 3. Bb5+ Nd7 4. d4 cxd4 5. Qxd4 a6 6. Bxd7+ Bxd7 7. O-O e5 8. Qd3 h6 9. c4 Nf6 10. Nc3 Be7 11. b3 O-O 12. Rd1 b5 13. a4 bxc4 14. bxc4 Rc8 15. Ba3 Be6 16. c5 dxc5 17. Nxe5 Qc7 18. Nc4 Rfd8 19. Qe2 Rd4 20. Nd5 Bxd5 21. exd5 Nxd5 22. Rdc1 Nf4 23. Qf3 Nd3 24. Rc3 Rxc4 25. Rxc4 Ne5 26. Qf4 Nxc4 27. Qxc4 Bf6 28. Rd1 Bd4 29. Qxa6 Rd8 30. Qe2 Qf4 31. g3 Qxf2+ 32. Qxf2 Bxf2+ 33. Kxf2 Rxd1 34. Bxc5 Ra1 35. Be3 Rxa4 36. Kf3 Ra3 37. Ke4 Rxe3+ 38. Kxe3 Kf8 39. Kf4 Ke7 40. Ke5 g6 41. g4 f6+ 42. Kd5 Kd7 43. h4 Ke7 44. Kd4 Ke6 45. Ke4 Kd6 46. Kd4 Ke6 47. Ke4 f5+ 48. Kf4 Kf6 49. h5 g5+ 50. Kf3 fxg4+ 51. Kxg4 Ke5 52. Kf3 Kf5 53. Kg3 Ke4 54. Kg4 Ke3 55. Kg3 Ke4 56. Kg4 Ke5 57. Kf3 Kf5 58. Kg3 Kf6 59. Kg4 Ke6 60. Kg3 Kf5 61. Kh3 Ke4 62. Kg4 1/2-1/2


[Site "https://www.chess.com"]

[Event "Titled Tuesday Blitz December 7 2021"]
[White "Nilsen, Tobias Lang"]
[Black "Nevednichy, Vladislav"]
[WhiteFideId "1521624"]
[BlackFideId "1205730"]
[WhiteElo "1979"]
[BlackElo "2379"]
[Result "0-1"]
[Round "04"]
[TimeControl "180+1"]
[Date "2021.12.07"]
[WhiteClock "0:00:01"]
[BlackClock "0:00:29"]

1. e4 e6 2. d4 d5 3. Nd2 Nc6 4. Ngf3 Nf6 5. e5 Nd7 6. Nb3 a5 7. a4 b6 8. c3 Ba6 9. Bb5 Ncb8 10. Qe2 Be7 11. h4 h6 12. Rh3 Qc8 13. Rg3 Bf8 14. Nfd2 Bxb5 15. axb5 c6 16. c4 dxc4 17. Qxc4 Qb7 18. Rc3 c5 19. dxc5 Nxc5 20. Nxc5 Bxc5 21. Ne4 Nd7 22. Be3 O-O 23. Bxc5 bxc5 24. Nf6+ gxf6 25. Rg3+ Kh7 26. exf6 Nxf6 27. O-O-O Qe4 28. Qc3 Qf4+ 29. Kb1 Rad8 30. Re1 Rd4 31. Rf3 Qxh4 32. Rh3 Qg5 33. Qc2+ Qf5 34. Qxf5+ exf5 35. Reh1 h5 36. Ra3 Rb8 37. Rxa5 Rb4 38. Ra6 Kg7 39. Rh3 R8xb5 40. Rg3+ Rg4 41. Rf3 c4 42. g3 f4 43. gxf4 Ne4 44. Re3 Nxf2 45. Rf3 Nd3 46. Kc2 Rb3 47. Re3 Rg2+ 48. Kd1 Nxb2+ 49. Kc1 Rxe3 50. Re6 Rxe6 51. f5 Re1# 0-1


[Site "https://www.chess.com"]

[Event "Titled Tuesday Blitz December 7 2021"]
[White "Orlov, Georgi"]
[Black "Rozman, Levy"]
[WhiteFideId "2011271"]
[BlackFideId "2039877"]
[WhiteElo "2513"]
[BlackElo "2376"]
[Result "0-1"]
[Round "04"]
[TimeControl "180+1"]
[Date "2021.12.07"]
[WhiteClock "0:00:05"]
[BlackClock "0:00:06"]

1. d4 Nf6 2. Nf3 d5 3. c4 e6 4. g3 dxc4 5. Bg2 Bd7 6. Ne5 Bc6 7. Nxc6 Nxc6 8. Nc3 Qd7 9. e3 a6 10. O-O Rd8 11. Qa4 Bd6 12. Qxc4 h5 13. e4 e5 14. d5 Nd4 15. Bg5 h4 16. Bxh4 Qg4 17. Bxf6 gxf6 18. f3 Qh5 19. h4 Qg6 20. Kf2 Rg8 21. g4 Qh6 22. Rh1 Qd2+ 23. Kf1 b5 24. Rd1 Qxd1+ 25. Nxd1 bxc4 26. Ne3 c6 27. h5 Rh8 28. Nxc4 cxd5 29. exd5 Bc5 30. f4 exf4 31. Be4 Kf8 32. Kg2 Re8 33. Bd3 f3+ 34. Kg3 Ba7 35. d6 Bb8 36. Rd1 Nb5 37. Bf5 Rd8 38. Kxf3 Nxd6 39. Nb6 Kg7 40. Bd7 Bc7 41. a4 Bxb6 42. Rxd6 Bc7 43. Rd5 Be5 44. b4 Kf8 45. b5 axb5 46. axb5 Ke7 47. Bc6 Rxd5 48. Bxd5 Rb8 49. Bc4 f5 50. g5 Rg8 51. g6 Rh8 52. Bxf7 Rxh5 53. g7 Rh3+ 54. Kg2 Rg3+ 55. Kf2 Kxf7 56. g8=Q+ Kxg8 57. b6 Kf7 58. b7 Bb8 59. Ke2 Ke7 0-1


[Site "https://www.chess.com"]

[Event "Titled Tuesday Blitz December 7 2021"]
[White "Pacheco Lugo, Alejandro Jose"]
[Black "Atakishiyev, Elmar"]
[WhiteFideId "3903745"]
[BlackFideId "13410547"]
[WhiteElo "2125"]
[BlackElo "2088"]
[Result "1/2-1/2"]
[Round "04"]
[TimeControl "180+1"]
[Date "2021.12.07"]
[WhiteClock "0:00:26"]
[BlackClock "0:01:21"]

1. e4 e6 2. d4 d5 3. Bd3 c5 4. exd5 exd5 5. Nf3 Nc6 6. O-O Nf6 7. Re1+ Be7 8. dxc5 O-O 9. Bg5 Bxc5 10. Nc3 Be6 11. a3 h6 12. Bh4 Re8 13. Qd2 Rc8 14. Rad1 a6 15. h3 Be7 16. Ne2 Ne4 17. Bxe4 dxe4 18. Qxd8 Rcxd8 19. Rxd8 Rxd8 20. Bxe7 Nxe7 21. Nfd4 Bc4 22. b3 Bxe2 23. Nxe2 Rd2 24. Ng3 f5 25. Re2 Rd1+ 26. Kh2 Nd5 27. Nxf5 Nf6 28. Ng3 Rd4 29. c3 Rd3 30. Nxe4 Nxe4 31. Rxe4 Rxc3 32. Rb4 b5 33. a4 bxa4 34. bxa4 Ra3 35. f4 Kf7 36. g4 a5 37. Rc4 g6 38. Kg2 Ke6 39. Rd4 Ra2+ 40. Kg3 Ra3+ 41. Kh4 Kf6 42. Rd6+ Kg7 43. Rd4 Kf6 44. g5+ hxg5+ 45. fxg5+ Ke5 46. Rc4 Kd5 47. Rf4 Ke5 48. Rf6 Rxa4+ 49. Kg3 Ra3+ 50. Kg4 Ra4+ 51. Kg3 Ra3+ 52. Kg4 Ra4+ 53. Kg3 1/2-1/2


[Site "https://www.chess.com"]

[Event "Titled Tuesday Blitz December 7 2021"]
[White "Paravyan, David"]
[Black "Nenezic, Marko"]
[WhiteFideId "4194985"]
[BlackFideId "912123"]
[WhiteElo "2656"]
[BlackElo "2484"]
[Result "1-0"]
[Round "04"]
[TimeControl "180+1"]
[Date "2021.12.07"]
[WhiteClock "0:00:18"]
[BlackClock "0:00:33"]

1. e4 c5 2. Nf3 d6 3. d4 cxd4 4. Nxd4 Nf6 5. Nc3 a6 6. Bg5 e6 7. Qd2 h6 8. Bxf6 Qxf6 9. O-O-O Nc6 10. Nxc6 bxc6 11. f4 Qd8 12. Bc4 Be7 13. h4 d5 14. Bb3 a5 15. g4 Qb6 16. exd5 cxd5 17. Bxd5 Rb8 18. Na4 Qc7 19. Bb3 Bd7 20. f5 Rb4 21. fxe6 fxe6 22. Qd3 Qf4+ 23. Kb1 Bxa4 24. Rhf1 O-O 25. Rxf4 Rbxf4 26. Bxa4 Rxa4 27. Qd7 Rd8 28. Qxe6+ Kf8 29. Rxd8+ Bxd8 30. Qd7 1-0


[Site "https://www.chess.com"]

[Event "Titled Tuesday Blitz December 7 2021"]
[White "Perez Gormaz, Matias"]
[Black "Ozen, Bahadir"]
[WhiteFideId "3406342"]
[BlackFideId "6337058"]
[WhiteElo "2352"]
[BlackElo "2503"]
[Result "0-1"]
[Round "04"]
[TimeControl "180+1"]
[Date "2021.12.07"]
[WhiteClock "0:00:03"]
[BlackClock "0:00:34"]

1. e4 c6 2. d4 d5 3. e5 Bf5 4. h4 h5 5. Bd3 Bxd3 6. Qxd3 e6 7. Nf3 c5 8. Bg5 Qb6 9. c4 Nc6 10. O-O dxc4 11. Qxc4 cxd4 12. Nbd2 Nge7 13. Bxe7 Bxe7 14. Ne4 O-O 15. a3 Rac8 16. Qd3 Qa6 17. Qd2 d3 18. Rfd1 Qb5 19. Qxd3 Qxd3 20. Rxd3 Rfd8 21. Rad1 Rxd3 22. Rxd3 Rd8 23. Rxd8+ Bxd8 24. Nd6 b6 25. Nb5 a6 26. Nbd4 Nxd4 27. Nxd4 Bxh4 28. Kf1 Bd8 29. Ke2 Bc7 30. f4 Kf8 31. Kd3 Ke7 32. Ke4 g6 33. Nf3 Bd8 34. Nd4 Kd7 35. b3 Be7 36. a4 Bc5 37. Nf3 Be7 38. Nd4 Kc7 39. Kd3 Bf8 40. Kc4 Bh6 41. Ne2 Kc6 42. Nd4+ Kd7 43. Ne2 g5 44. fxg5 Bxg5 45. Nd4 Bf4 46. Nf3 Kc6 47. Nd4+ Kb7 48. Nf3 Kc7 49. Kd4 Bh6 50. Ke4 Kc6 51. b4 b5 52. Nd4+ Kb6 53. axb5 axb5 54. Nb3 Bf8 55. Nd2 Bxb4 56. Nf3 Be7 57. Kd4 Kc6 58. Nd2 Bc5+ 59. Kd3 Kd5 60. Nf3 Be7 61. Kc3 Ke4 62. Kd2 h4 63. Ke2 b4 64. Nd2+ Kxe5 65. Kd3 Kf4 66. Ne4 f5 0-1


[Site "https://www.chess.com"]

[Event "Titled Tuesday Blitz December 7 2021"]
[White "Perrine, Dalton"]
[Black "Solovchuk, Oleksiy"]
[WhiteFideId "2048434"]
[BlackFideId "14115220"]
[WhiteElo "2434"]
[BlackElo "2295"]
[Result "1-0"]
[Round "04"]
[TimeControl "180+1"]
[Date "2021.12.07"]
[WhiteClock "0:00:07"]
[BlackClock "0:00:12"]

1. e4 e5 2. Nf3 Nc6 3. Bc4 Bc5 4. c3 Nf6 5. d3 O-O 6. O-O d6 7. a4 a6 8. h3 Ne7 9. d4 exd4 10. cxd4 d5 11. dxc5 dxc4 12. Qe2 Qd3 13. Re1 Nc6 14. Bf4 Re8 15. Nc3 Nb4 16. Rad1 Qxe2 17. Rxe2 Nd3 18. Bxc7 Nxc5 19. e5 Nfd7 20. Rd4 b5 21. axb5 axb5 22. Nxb5 Ba6 23. Nc3 Rac8 24. Bd6 Nb3 25. Rd1 Bb7 26. Nd4 Nbc5 27. Ndb5 Nd3 28. Nc7 Red8 29. Be7 Rxc7 30. Bxd8 Rc8 31. Be7 N7c5 32. Bxc5 Nxc5 33. Rd4 Nb3 34. Rd7 Bc6 35. Rd6 Nc5 36. f3 h6 37. h4 Ne6 38. Red2 Kh7 39. Nd5 Ba4 40. Ne7 Rb8 41. Nf5 Kg6 42. Ne3 Kh5 43. g3 c3 44. bxc3 Rb1+ 45. Kf2 Rb3 46. Ng2 Rxc3 47. g4+ Kg6 48. R6d3 Rc4 49. Kg3 h5 50. Rd6 hxg4 51. fxg4 Rc3+ 52. R2d3 Rc1 53. Nf4+ Kh7 54. Nxe6 fxe6 55. Rxe6 Bc2 56. Rc3 Rg1+ 57. Kf2 Rh1 58. Rec6 Be4 59. R6c4 Bd5 60. Rd4 Be6 61. Kg3 Kg6 62. Rd6 Kf7 63. Rc7+ Kg8 64. Rxe6 1-0


[Site "https://www.chess.com"]

[Event "Titled Tuesday Blitz December 7 2021"]
[White "Pham, Le Thao Nguyen"]
[Black "Begmuratov, Khumoyun"]
[WhiteFideId "12401226"]
[BlackFideId "14210207"]
[WhiteElo "2286"]
[BlackElo "1961"]
[Result "1-0"]
[Round "04"]
[TimeControl "180+1"]
[Date "2021.12.07"]
[WhiteClock "0:01:11"]
[BlackClock "0:01:22"]

1. d4 Nf6 2. c4 g6 3. Nc3 Bg7 4. e4 d6 5. Nf3 O-O 6. h3 e5 7. Be3 exd4 8. Nxd4 Re8 9. Bd3 c6 10. O-O d5 11. exd5 cxd5 12. cxd5 Nxd5 13. Nxd5 Qxd5 14. Be2 Nd7 15. Bf3 Qa5 16. Qb3 Nc5 17. Qb5 Qb6 18. Qxe8+ Bf8 19. Nb3 1-0


[Site "https://www.chess.com"]

[Event "Titled Tuesday Blitz December 7 2021"]
[White "Pour Agha Bala, Amirreza"]
[Black "Diaz Camallonga, Carles"]
[WhiteFideId "12572896"]
[BlackFideId "22235256"]
[WhiteElo "2313"]
[BlackElo "2438"]
[Result "1/2-1/2"]
[Round "04"]
[TimeControl "180+1"]
[Date "2021.12.07"]
[WhiteClock "0:00:16"]
[BlackClock "0:00:08"]

1. d4 e6 2. c4 Nf6 3. Nf3 d5 4. Nc3 c6 5. e3 a6 6. Bd3 dxc4 7. Bxc4 b5 8. Bb3 c5 9. O-O Bb7 10. Re1 Nbd7 11. e4 cxd4 12. Nxd4 Nc5 13. Bc2 Be7 14. e5 Nd5 15. Ne4 Nb4 16. Bb1 Nxe4 17. Bxe4 Bxe4 18. Rxe4 Rc8 19. Be3 Qd5 20. Rg4 g6 21. a3 Nc6 22. Nxc6 Qxd1+ 23. Rxd1 Rxc6 24. Bh6 Rc2 25. b4 Rc8 26. h4 Bf8 27. Bg5 Be7 28. Rgd4 Bxg5 29. hxg5 O-O 30. Rd6 Rc2 31. Rxa6 Re2 32. f4 Rc8 33. a4 bxa4 34. b5 Rb2 35. b6 Rb8 36. Rd7 R2xb6 37. Raa7 Rf8 38. Rxa4 Rb2 39. Kh2 Rb3 40. Raa7 Kg7 41. g3 Re3 42. Kh3 Re1 43. Kg4 Re2 44. Re7 Kg8 45. Kf3 Rb2 46. Red7 Rb3+ 47. Kg2 Rb2+ 48. Kh3 Rb3 49. Kh4 Rb4 50. Kg4 Rb3 51. Rab7 Rxb7 52. Rxb7 Rd8 53. Kf3 Kg7 54. Re7 Rd5 55. Rc7 Rd3+ 56. Kg2 Rd2+ 57. Kf3 Ra2 58. Rb7 Ra3+ 59. Kf2 Ra2+ 60. Kf3 Ra3+ 1/2-1/2


[Site "https://www.chess.com"]

[Event "Titled Tuesday Blitz December 7 2021"]
[White "Pranav, V"]
[Black "Azadaliyev, Jahandar"]
[WhiteFideId "25060783"]
[BlackFideId "13425811"]
[WhiteElo "2351"]
[BlackElo "1795"]
[Result "1-0"]
[Round "04"]
[TimeControl "180+1"]
[Date "2021.12.07"]
[WhiteClock "0:00:43"]
[BlackClock "0:00:21"]

1. e4 c6 2. d4 d5 3. e5 Bf5 4. c4 dxc4 5. Bxc4 e6 6. Nc3 Nd7 7. Nge2 Ne7 8. Ng3 Bg6 9. Nge4 Nd5 10. O-O N7b6 11. Bb3 Be7 12. Re1 O-O 13. g3 Qc7 14. h4 h6 15. Bd2 Rad8 16. Rc1 Nxc3 17. bxc3 c5 18. Qg4 Bf5 19. Qf3 cxd4 20. cxd4 Qd7 21. Be3 Nd5 22. Bd2 Ba3 23. Rcd1 Qc6 24. Bxh6 gxh6 25. Bxd5 Rxd5 26. Nf6+ Kg7 27. Qxa3 Rdd8 28. Qe3 Rd5 29. Rc1 Qb5 30. a4 Qa5 31. Nxd5 Qxd5 32. Rc5 Qa2 33. d5 exd5 34. Qd4 Be6 35. Rc3 Qb2 36. Rd1 a6 37. a5 Qb5 38. Rf3 Qxa5 39. Rf6 Rh8 40. Rc1 b5 41. Rc6 b4 42. Rcxe6 fxe6 43. Qg4+ Kh7 44. Rf7# 1-0


[Site "https://www.chess.com"]

[Event "Titled Tuesday Blitz December 7 2021"]
[White "Pulpan, Jakub"]
[Black "Vidit, Santosh Gujrathi"]
[WhiteFideId "302759"]
[BlackFideId "5029465"]
[WhiteElo "2471"]
[BlackElo "2628"]
[Result "1/2-1/2"]
[Round "04"]
[TimeControl "180+1"]
[Date "2021.12.07"]
[WhiteClock "0:00:15"]
[BlackClock "0:00:11"]

1. e4 c5 2. Nf3 d6 3. d4 cxd4 4. Qxd4 Nf6 5. Bb5+ Bd7 6. a4 a6 7. Bxd7+ Nbxd7 8. b3 e6 9. O-O Be7 10. Ba3 Qc7 11. c4 O-O 12. Nc3 Nc5 13. Rab1 Rfd8 14. h3 Rac8 15. Rfd1 h6 16. Ne1 b6 17. Nc2 Qb7 18. f3 Qb8 19. Qe3 Nfd7 20. Nd4 Bg5 21. f4 Bf6 22. Re1 Qa8 23. f5 Re8 24. fxe6 fxe6 25. Nf3 Ne5 26. Nxe5 Bxe5 27. Nd1 Rf8 28. Bb2 Rf4 29. Bxe5 dxe5 30. Nf2 Rcf8 31. Nd3 Rxe4 32. Qg3 Nxd3 33. Qxd3 Rd4 34. Qg3 e4 35. Qe5 Rfd8 36. Qxe6+ Kh8 37. Qxb6 Rd2 38. Qe3 R8d4 39. Re2 R2d3 40. Qf4 Qa7 41. Kh2 Qb7 42. b4 Rxc4 43. b5 a5 44. Rbe1 Rxa4 45. Rxe4 Rxe4 46. Rxe4 Rd8 47. Qf3 Qxb5 48. Qf4 Rb8 49. Re5 Qb6 50. Rxa5 Rg8 51. Rh5 Qc6 52. Rh4 Qg6 53. Qd4 Qe6 54. Re4 Qg6 55. Rg4 Qf6 56. Qe4 Rf8 57. Rg3 Qf5 58. Qe3 Qf4 59. Qe2 Kh7 60. Qd3+ Kh8 61. Kh1 Rf6 62. Rf3 Qe5 63. Qd8+ Kh7 64. Qd3+ Kg8 65. Re3 Qc5 66. Qd8+ Rf8 67. Qd3 Qc1+ 68. Kh2 Qc7+ 69. Rg3 Qf4 70. Qd5+ Rf7 71. Qd8+ Kh7 72. Qd3+ Qf5 73. Qxf5+ Rxf5 74. Re3 h5 75. h4 Rf4 76. Kg3 Rb4 77. Kh3 Kh6 78. g3 g6 79. Re8 Rb2 80. Rh8+ Kg7 81. Ra8 Kf6 82. Ra6+ Kg7 83. Ra7+ Kh6 84. Ra6 Rc2 85. Ra3 Rb2 86. Re3 Rc2 87. Ra3 Rb2 88. Re3 Rc2 89. Ra3 1/2-1/2


[Site "https://www.chess.com"]

[Event "Titled Tuesday Blitz December 7 2021"]
[White "Rasulov, Vugar"]
[Black "Dzhaparov, Medet"]
[WhiteFideId "13402390"]
[BlackFideId "13803689"]
[WhiteElo "2560"]
[BlackElo "1702"]
[Result "1-0"]
[Round "04"]
[TimeControl "180+1"]
[Date "2021.12.07"]
[WhiteClock "0:02:22"]
[BlackClock "0:00:03"]

1. e4 e5 2. Nf3 Nc6 3. Bb5 a6 4. Ba4 Nf6 5. O-O Be7 6. Re1 b5 7. Bb3 O-O 8. c3 d5 9. exd5 Nxd5 10. Nxe5 Nxe5 11. Rxe5 c6 12. d3 Bd6 13. Re1 Bf5 14. Nd2 Nf4 15. Ne4 Nxd3 16. Bg5 Qd7 17. Re3 Rfe8 18. Rxd3 Bxe4 19. Rxd6 Qf5 20. Bh4 h5 21. Bg3 Qg5 22. Qd2 Qf5 23. h4 a5 24. a3 a4 25. Ba2 Ra7 26. Rd8 Re7 27. Rxe8+ Rxe8 28. Re1 Qg4 29. Qf4 Qg6 30. Bb1 f5 31. Bxe4 fxe4 32. Qg5 1-0


[Site "https://www.chess.com"]

[Event "Titled Tuesday Blitz December 7 2021"]
[White "Riehle, Marco"]
[Black "Sanal, Vahap"]
[WhiteFideId "12904392"]
[BlackFideId "6300545"]
[WhiteElo "2462"]
[BlackElo "2499"]
[Result "0-1"]
[Round "04"]
[TimeControl "180+1"]
[Date "2021.12.07"]
[WhiteClock "0:02:18"]
[BlackClock "0:01:54"]

1. e4 e5 2. Nf3 Nc6 3. Bc4 Bc5 4. c3 Nf6 5. d4 exd4 6. cxd4 Bb4+ 7. Kf1 d5 8. exd5 Nxd5 9. Nc3 Bxc3 10. bxc3 O-O 11. Ng5 h6 12. h4 Be6 13. Nxe6 fxe6 14. Qe2 Qf6 15. Bxd5 exd5 16. Rh3 Rae8 17. Be3 Na5 18. Kg1 Nc4 19. Rf1 Re4 20. Qh5 Nxe3 21. Rxe3 Rxe3 0-1


[Site "https://www.chess.com"]

[Event "Titled Tuesday Blitz December 7 2021"]
[White "Rodchenkov, Sergey D."]
[Black "Artemenko, Oleg"]
[WhiteFideId "4168712"]
[BlackFideId "14201798"]
[WhiteElo "2306"]
[BlackElo "2287"]
[Result "0-1"]
[Round "04"]
[TimeControl "180+1"]
[Date "2021.12.07"]
[WhiteClock "0:00:05"]
[BlackClock "0:00:40"]

1. e4 e6 2. d4 d5 3. Nc3 Nf6 4. e5 Nfd7 5. f4 c5 6. Nf3 Nc6 7. Be3 Qb6 8. Na4 Qa5+ 9. c3 b6 10. Bd2 c4 11. b4 Nxb4 12. cxb4 Bxb4 13. Qc2 Bxd2+ 14. Nxd2 b5 15. Nc3 b4 16. Ne2 Qb6 17. Rb1 a5 18. g3 Ba6 19. Bg2 c3 20. Nf3 Qb5 21. Bf1 Qc6 22. Nc1 Bxf1 23. Kxf1 Nb6 24. Nd3 Nc4 25. Qe2 O-O-O 26. Kf2 Kc7 27. Nc5 Rb8 28. Kg2 Rb5 29. Ne1 Rxc5 30. dxc5 Qxc5 31. Nd3 Qd4 32. Rhe1 Rb8 33. Rbc1 Kd8 34. Rcd1 Qb6 35. Qf2 Qxf2+ 36. Kxf2 Kc7 37. Nc1 a4 38. Rd3 Nb2 39. Rf3 d4 40. Nd3 Nc4 41. a3 b3 42. Nb4 b2 43. Ke2 Rxb4 44. axb4 c2 45. Kd3 0-1


[Site "https://www.chess.com"]

[Event "Titled Tuesday Blitz December 7 2021"]
[White "Rustemov, Alexander"]
[Black "Vovk, Orest"]
[WhiteFideId "4119002"]
[BlackFideId "14113490"]
[WhiteElo "2748"]
[BlackElo "2203"]
[Result "0-1"]
[Round "04"]
[TimeControl "180+1"]
[Date "2021.12.07"]
[WhiteClock "0:00:03"]
[BlackClock "0:00:06"]

1. d4 Nc6 2. Nf3 e6 3. c4 Bb4+ 4. Bd2 a5 5. e4 Nf6 6. e5 Ne4 7. Bd3 Nxd2 8. Nbxd2 d6 9. a3 Bxd2+ 10. Qxd2 dxe5 11. dxe5 Nd4 12. Nxd4 Qxd4 13. f4 Bd7 14. O-O-O Ba4 15. Rde1 O-O-O 16. Re3 Qxf4 17. Rf1 Qxh2 18. Qxa5 Bc6 19. Rxf7 b6 20. Qa7 Rd7 21. Rxd7 Kxd7 22. Be4 Qg1+ 23. Kd2 Bxe4 24. Rxe4 Rd8 25. Kc3 Qc5 26. b4 Qc6 27. Rd4+ Ke7 28. Rxd8 Kxd8 29. Qb8+ Ke7 30. Qg8 Qxg2 31. Kb3 Qg3+ 32. Ka4 Qxe5 33. Qxh7 Qc3 34. Kb5 Kd7 35. a4 c6+ 36. Kxb6 Qxb4+ 37. Ka6 Qxa4+ 38. Kb6 Qb4+ 39. Ka7 Qxc4 40. Qxg7+ Kd6 41. Qf8+ Kd5 42. Qf3+ Kc5 43. Qe3+ Kb4 44. Qd2+ Qc3 45. Qd6+ c5 46. Qxe6 Qd4 47. Ka6 c4 48. Qe1+ c3 49. Qe7+ Kb3 0-1


[Site "https://www.chess.com"]

[Event "Titled Tuesday Blitz December 7 2021"]
[White "Sadykov, Ramil"]
[Black "Mikhailovsky, Vladimir"]
[WhiteFideId "24113590"]
[BlackFideId "34105414"]
[WhiteElo "2300"]
[BlackElo "2409"]
[Result "0-1"]
[Round "04"]
[TimeControl "180+1"]
[Date "2021.12.07"]
[WhiteClock "0:00:01"]
[BlackClock "0:00:06"]

1. e4 Nf6 2. e5 Nd5 3. c4 Nb6 4. d4 d6 5. exd6 exd6 6. Nc3 Be7 7. Be3 O-O 8. h3 Bg5 9. Bxg5 Qxg5 10. b3 Re8+ 11. Nge2 Nc6 12. Qd2 Qg6 13. O-O-O a5 14. Nf4 Qf6 15. a4 Nb4 16. Kb2 c5 17. Be2 Bd7 18. Bf3 Bc6 19. d5 Bxa4 20. Nh5 Qd4 21. Qxd4 cxd4 22. Nxa4 Nxa4+ 23. bxa4 Rac8 24. Kb3 d3 25. Nf4 Nc2 26. Rxd3 Nb4 27. Rd2 Na6 28. Nd3 Kf8 29. Bg4 Rb8 30. Re2 Red8 31. f4 g6 32. h4 h5 33. Bf3 b6 34. g4 hxg4 35. Bxg4 Nc5+ 36. Kc3 Nxa4+ 37. Kd4 Nc5 38. h5 gxh5 39. Rxh5 Kg7 40. Rg5+ Kf8 41. Rh2 Re8 42. Nxc5 bxc5+ 43. Kc3 Re3+ 44. Kd2 Rb2+ 45. Kxe3 Rxh2 46. Rh5 Rg2 47. Bf3 Rc2 48. Be2 a4 49. Rh8+ Kg7 50. Ra8 Rc3+ 51. Bd3 a3 52. Kd2 Rb3 53. Bc2 Rf3 54. f5 Kf6 55. Ra6 Ke5 56. Ra7 f6 57. Re7+ Kf4 58. Kc1 a2 59. Kb2 Rf2 0-1


[Site "https://www.chess.com"]

[Event "Titled Tuesday Blitz December 7 2021"]
[White "Saraci, Nderim"]
[Black "Boidiya, Sidi"]
[WhiteFideId "6351921"]
[BlackFideId "19600100"]
[WhiteElo "2479"]
[BlackElo "2113"]
[Result "1-0"]
[Round "04"]
[TimeControl "180+1"]
[Date "2021.12.07"]
[WhiteClock "0:02:20"]
[BlackClock "0:01:38"]

1. Nf3 Nf6 2. g3 e6 3. Bg2 d5 4. O-O b6 5. c4 Bb7 6. cxd5 Bxd5 7. Nc3 Bb7 8. Qc2 Be7 9. d4 O-O 10. e4 c5 11. Rd1 Qc8 12. d5 exd5 13. e5 Nfd7 14. Nxd5 Nc6 15. Bh3 Rd8 16. Ng5 Bxg5 17. Bxg5 f6 18. exf6 gxf6 19. Nxf6+ Nxf6 20. Bxc8 1-0


[Site "https://www.chess.com"]

[Event "Titled Tuesday Blitz December 7 2021"]
[White "Sarana, Alexey"]
[Black "Preotu, Razvan"]
[WhiteFideId "24133795"]
[BlackFideId "2613280"]
[WhiteElo "2672"]
[BlackElo "2407"]
[Result "0-1"]
[Round "04"]
[TimeControl "180+1"]
[Date "2021.12.07"]
[WhiteClock "0:02:40"]
[BlackClock "0:00:59"]

1. d4 Nf6 2. c4 g6 3. Nc3 d5 4. cxd5 Nxd5 5. e4 Nxc3 6. bxc3 Bg7 7. Nf3 c5 8. Bb5+ Nc6 9. O-O O-O 10. Bxc6 bxc6 11. Qc2 cxd4 12. cxd4 Bg4 13. Ne5 Qxd4 14. Bb2 Qb6 15. Rfb1 Bxe5 16. Bxe5 Qa5 17. Bd4 Rfd8 18. Bc5 Rd2 19. Qc1 Rd1+ 20. Qxd1 Bxd1 21. Bb4 Qa4 22. Bxe7 Bc2 23. Rc1 Bxe4 24. Bf6 Bd5 25. Re1 Qg4 26. f3 Bxf3 27. g3 Qh3 0-1


[Site "https://www.chess.com"]

[Event "Titled Tuesday Blitz December 7 2021"]
[White "Savchenko, Boris"]
[Black "Adewumi, Tanitoluwa"]
[WhiteFideId "4147332"]
[BlackFideId "30966396"]
[WhiteElo "2499"]
[BlackElo "2551"]
[Result "1-0"]
[Round "04"]
[TimeControl "180+1"]
[Date "2021.12.07"]
[WhiteClock "0:00:43"]
[BlackClock "0:00:04"]

1. Nf3 Nf6 2. c4 g6 3. b4 Bg7 4. Bb2 O-O 5. e3 d6 6. d3 e5 7. Nfd2 b6 8. a4 a5 9. b5 Bb7 10. Nc3 c6 11. bxc6 Nxc6 12. Be2 Nb4 13. O-O d5 14. cxd5 Nfxd5 15. Nce4 f5 16. Ng3 f4 17. exf4 Nxf4 18. Bf3 Bxf3 19. Nxf3 Nbxd3 20. Qb3+ Qd5 21. Qxd5+ Nxd5 22. Ba3 Rfe8 23. Rad1 N3f4 24. Rb1 e4 25. Nd2 e3 26. fxe3 Rxe3 27. Bd6 Ne2+ 28. Kh1 Rd8 29. Nc4 Rc3 30. Nxb6 Rxd6 31. Nxd5 Nxg3+ 32. hxg3 Rxd5 33. Rb8+ Bf8 34. Rbxf8+ Kg7 35. R8f7+ Kh6 36. g4 Rd4 37. R1f3 Rc1+ 38. Kh2 Rxg4 39. Rh3+ Kg5 40. Rfxh7 Rxa4 41. Ra7 Raa1 42. Rb3 Kg4 43. Rg3+ Kf5 44. Rf7+ Ke6 45. Rgf3 Rh1+ 46. Kg3 g5 47. R7f6+ Ke7 48. Rg6 g4 49. Rxg4 a4 50. Rg6 a3 51. Ra6 Rhb1 52. Kg4 a2 53. Rf2 Rg1 54. Kg5 Rab1 55. Raxa2 Rb5+ 56. Kg4 Rb4+ 57. Kg3 Rb3+ 58. Kf4 Rb4+ 59. Kg5 Rb5+ 60. Kg6 Rb6+ 61. Kg7 Re1 62. Rae2+ Rxe2 63. Rxe2+ Kd8 64. g4 Rb5 65. Kg6 Rb6+ 66. Kh7 Rb5 67. Kh6 Rb6+ 68. Kh5 Rb1 69. g5 Rg1 70. g6 Kd7 71. Kh6 Kd8 72. g7 Rh1+ 73. Kg6 Rg1+ 74. Kh7 Rh1+ 75. Kg8 Rg1 76. Re4 Kd7 77. Kf7 Rf1+ 78. Kg6 Rg1+ 79. Kf6 Rf1+ 80. Kg5 Rf8 1-0


[Site "https://www.chess.com"]

[Event "Titled Tuesday Blitz December 7 2021"]
[White "Saydaliev, Saidakbar"]
[Black "Obolentseva, Alexandra"]
[WhiteFideId "14203693"]
[BlackFideId "24153648"]
[WhiteElo "2279"]
[BlackElo "2113"]
[Result "1-0"]
[Round "04"]
[TimeControl "180+1"]
[Date "2021.12.07"]
[WhiteClock "0:00:47"]
[BlackClock "0:00:24"]

1. d4 Nf6 2. c4 g6 3. Nf3 Bg7 4. g3 O-O 5. Bg2 d6 6. Nc3 c5 7. O-O cxd4 8. Nxd4 Nc6 9. Nxc6 bxc6 10. Bxc6 Rb8 11. Bg2 Qa5 12. Qd2 Be6 13. b3 Rxb3 14. axb3 Qxa1 15. Nb5 a6 16. Na7 Nd7 17. Nc6 Re8 18. Qc2 Ne5 19. Bd2 Bf5 20. e4 Qxf1+ 21. Kxf1 Nxc6 22. exf5 Nd4 23. Qa2 gxf5 24. Be3 Rb8 25. Bxd4 Bxd4 26. Bf3 e6 27. h4 Kg7 28. h5 a5 29. Qd2 Be5 30. h6+ Kh8 31. Qxa5 Bf6 32. Qc7 Rd8 33. Qxf7 1-0


[Site "https://www.chess.com"]

[Event "Titled Tuesday Blitz December 7 2021"]
[White "Shahade, Gregory"]
[Black "Buchenau, Frank"]
[WhiteFideId "2009064"]
[BlackFideId "4604350"]
[WhiteElo "2677"]
[BlackElo "2193"]
[Result "1-0"]
[Round "04"]
[TimeControl "180+1"]
[Date "2021.12.07"]
[WhiteClock "0:00:52"]
[BlackClock "0:00:40"]

1. e4 e6 2. d4 d5 3. Nd2 Nf6 4. e5 Nfd7 5. c3 c5 6. Bd3 b6 7. Ngf3 Ba6 8. Bxa6 Nxa6 9. O-O b5 10. Ne1 Qb6 11. Qg4 h5 12. Qf4 cxd4 13. cxd4 Nb4 14. a3 Nc6 15. Ndf3 Be7 16. Be3 h4 17. Nd3 g6 18. Rac1 Rh5 19. Rc3 a5 20. Rfc1 Rc8 21. Qg4 b4 22. axb4 axb4 23. R3c2 h3 24. Nf4 Rh8 25. Nxe6 fxe6 26. Qxg6+ Kd8 27. Ng5 Bxg5 28. Bxg5+ Ne7 29. Bxe7+ Kxe7 30. Qg7+ Kd8 31. Rxc8# 1-0


[Site "https://www.chess.com"]

[Event "Titled Tuesday Blitz December 7 2021"]
[White "Shpanko, Nadiia"]
[Black "Atakhan, Abtin"]
[WhiteFideId "14132400"]
[BlackFideId "22502203"]
[WhiteElo "2139"]
[BlackElo "2119"]
[Result "0-1"]
[Round "04"]
[TimeControl "180+1"]
[Date "2021.12.07"]
[WhiteClock "0:00:15"]
[BlackClock "0:00:14"]

1. e4 c6 2. d4 d5 3. Nc3 dxe4 4. Nxe4 Nf6 5. Nxf6+ exf6 6. Nf3 Bd6 7. Be2 O-O 8. O-O Bg4 9. h3 Bh5 10. Nh4 Bg6 11. Nxg6 hxg6 12. c3 Nd7 13. Be3 Qc7 14. Qc2 f5 15. Bf3 Rfe8 16. Rfe1 Re7 17. Bg5 Nf6 18. Bxf6 gxf6 19. Rxe7 Qxe7 20. Qe2 Qc7 21. Re1 Kg7 22. Qc4 Rh8 23. b4 a6 24. a4 Qd7 25. Qe2 g5 26. a5 Rh4 27. Qe8 Qc7 28. Bd1 Rh8 29. Bc2 Rxe8 30. Rxe8 Qd7 31. Re2 Bc7 32. g3 f4 33. g4 Qd6 34. f3 Qd5 35. Kf2 Qc4 36. Re7 Qxc3 37. Bd1 Qxd4+ 38. Ke1 Qxb4+ 0-1


[Site "https://www.chess.com"]